 Dungeon Crawl Stone Soup version 0.31.0-10-gcf4a605ca0 (webtiles) character file.

Game seed: 18194602491397400047

199 Daunt the Digger (level 5, -8/38 HPs)
             Began as a Gnoll Earth Elementalist on Jan 25, 2024.
             Killed by nerve-wracking pain
             ... invoked by an orc priest
              (12 damage)
             ... on level 3 of the Dungeon.
             The game lasted 00:12:57 (1034 turns).

Daunt the Digger (Gnoll Earth Elementalist)         Turns: 1034, Time: 00:12:58

Health: -8/38      AC:  4    Str:  8    XL:     5   Next: 77%
Magic:  10/12      EV: 13    Int: 16    God:
Gold:   177        SH:  0    Dex: 12    Spells: 10/14 levels left

rFire   . . .        b - +0 sling
rCold   . . .        (no shield)
rNeg    . . .        d - +0 robe
rPois   .            i - +0 helmet
rElec   .            (no cloak)
rCorr   .            x - +0 pair of gloves
SInv    .            (no boots)
Will    .....        v - amulet of magic regeneration
Stlth   +++          (no ring)
HPRegen 0.26/turn    (no ring)
MPRegen 0.53/turn

%: no passive effects
@: no status effects
A: fangs 1, strong nose, distributed training
a: no special abilities


You were on level 3 of the Dungeon.
You visited 1 branch of the dungeon, and saw 3 of its levels.

You collected 177 gold pieces.

Inventory:

Hand Weapons
 a - a +0 rapier
 b - a +0 sling (weapon)
 p - a +0 short sword
Missiles
 e - 22 stones
 k - 5 poisoned darts
Armour
 c - a +0 leather armour
 d - a +0 robe (worn)
 i - a +0 helmet (worn)
 x - a +0 pair of gloves (worn)
Jewellery
 n - an amulet of faith
 t - a ring of fire
 v - an amulet of magic regeneration (around neck)
Scrolls
 g - a scroll of poison {unknown}
 h - 2 scrolls of identify {unknown}
 j - a scroll of noise {unknown}
 o - a scroll of brand weapon {unknown}
 q - a scroll of blinking {unknown}
 s - a scroll of enchant armour {unknown}
 u - a scroll of enchant weapon {unknown}
Potions
 f - a potion of berserk rage {unknown}
 l - a potion of magic
 m - 3 potions of enlightenment {unknown}
 r - a potion of mutation {unknown}
 w - a potion of brilliance {unknown}


   Skills:
 + Level 1.7 Fighting
 + Level 1.7 Short Blades
 + Level 1.7 Long Blades
 + Level 1.7 Axes
 + Level 1.7 Maces & Flails
 + Level 1.7 Polearms
 + Level 1.7 Staves
 + Level 1.7 Ranged Weapons
 + Level 1.7 Throwing
 + Level 1.7 Armour
 + Level 4.9 Dodging
 + Level 4.5 Stealth
 + Level 1.7 Shields
 + Level 1.7 Unarmed Combat
 + Level 5.2 Spellcasting
 + Level 2.5 Conjurations
 + Level 1.3 Hexes
 + Level 1.3 Summonings
 + Level 1.3 Necromancy
 + Level 1.3 Translocations
 + Level 1.3 Fire Magic
 + Level 1.3 Ice Magic
 + Level 1.3 Air Magic
 + Level 5.6 Earth Magic
 + Level 1.3 Alchemy
 + Level 1.9 Invocations
 + Level 1.7 Evocations
 + Level 1.5 Shapeshifting


You had 10 spell levels left.
You knew the following spells:

 Your Spells              Type           Power      Damage    Failure   Level
a - Sandblast             Erth           44%        2d11      1%          1
p - Passwall              Erth           22%        N/A       4%          3

Your spell library contained the following spells:

 Spells                   Type           Power      Damage    Failure   Level
 Summon Small Mammal      Summ           32%        N/A       9%          1
 Stone Arrow              Conj/Erth      34%        3d9       9%          3
 Lesser Beckoning         Tloc           16%        N/A       13%         2
 Call Canine Familiar     Summ           8%         N/A       26%         3
 Gell's Gravitas          Tloc           8%         N/A       26%         3
 Teleport Other           Tloc           8%         N/A       26%         3
 Tukima's Dance           Hex            8%         N/A       26%         3
 Brom's Barrelling Bould  Conj/Erth      17%        2d4       28%         4
 Petrify                  Alch/Erth      15%        N/A       34%         4
 Iskenderun's Mystic Bla  Conj/Tloc      10%        2d4       54%         4
 Dimensional Bullseye     Hex/Tloc       4%         N/A       63%         4
 Summon Blazeheart Golem  Fire/Summ      8%         N/A       63%         4


Dungeon Overview and Level Annotations

Branches:
Dungeon (3/15)

Altars:
Ashenzari
Makhleb
Nemelex Xobeh
Trog
Xom
Yredelemnul

Shops:
D:3 [


Innate Abilities, Weirdness & Mutations

You have very sharp teeth.
Your uncanny sense of smell can sniff out nearby items.
Your experience applies equally to all skills.


Message History

Press: ? - help, Shift-Dir - straight line, f/p - orc priest
Aim: an orc priest, wielding a +0 club and wearing a +0 chain mail (moderately wounded, 87% to hit)
The blast of sand hits the orc priest but does no damage.
The orc priest is moderately wounded.
The orc priest hits you but does no damage.
You hear some strange, mumbled words.
Something tries to affect you, but you resist.
The orc hits you with a +0 club.
Unknown command.
Unknown command.
Casting: Sandblast (safe; 1% risk of failure)
Confirm with . or Enter, or press ? or * to list all spells.
Aiming: Sandblast (safe; 1% risk of failure)
Press: ? - help, Shift-Dir - straight line, f/p - orc priest
Aim: an orc priest, wielding a +0 club and wearing a +0 chain mail (moderately wounded, 87% to hit)
The blast of sand hits the orc priest.
The orc priest is heavily wounded.
The orc shouts!
An orc wizard appears from thin air!
Reactivating autopickup.
The orc wizard hits you with a +0 dagger.
* * * LOW HITPOINT WARNING * * *
The orc misses you. The orc priest hits you with a +0 club.
* * * LOW HITPOINT WARNING * * *
The orc wizard hits you but does no damage.
The orc hits you but does no damage.
Unknown command.
Unknown command.
Casting: Sandblast (safe; 1% risk of failure)
Confirm with . or Enter, or press ? or * to list all spells.
Aiming: Sandblast (safe; 1% risk of failure)
Press: ? - help, Shift-Dir - straight line, f/p - orc priest
Aim: an orc priest, wielding a +0 club and wearing a +0 chain mail (heavily wounded, 87% to hit)
The blast of sand hits the orc priest but does no damage.
The orc priest is heavily wounded.
The orc wizard hits you with a +0 dagger.
* * * LOW HITPOINT WARNING * * *
The orc priest mumbles some strange prayers to Beogh against you.
Pain shoots through your body!
You die...

###.....###.## .#........#
#####_#####..###.###......##
###.....###..##..###.......###
.........................#...##
#######..###...........÷.#....###
........#######.####.....#.......
######....>..........).......###.
##########o########.#...# #.
#.......o@....###.#...####
###..##oo####............. #
.....## #####.#...##.. ##..#...##
##.######.. ##.o####..# ##..# ###
∆ #...?.# #.###..##
.......##......#
........?#......#
........#......#


You could see an orc priest, an orc wizard and 3 orcs.

Vanquished Creatures
  A bullfrog (D:3)
  An orc priest (D:3)
  Natasha (D:3)
  Robin (D:2)
  3 adders
  A ribbon worm (D:2)
  2 orcs (D:3)
  5 ball pythons
  3 bats
  4 endoplasms
  4 giant cockroaches
  7 goblins
  4 hobgoblins
  2 jackals (D:2)
  2 kobolds (D:2)
  A frilled lizard (D:1)
  5 rats
47 creatures vanquished.

Notes
Turn   | Place    | Note
-------+----------+-------------------------------------------
     0 | D:1      | Daunt the Gnoll Earth Elementalist began the quest for the
                  | Orb.
     0 | D:1      | Reached XP level 1. HP: 13/13 MP: 6/6
   183 | D:2      | Reached XP level 2. HP: 19/19 MP: 4/7
   343 | D:2      | Found a faded altar of an unknown god.
   364 | D:2      | Noticed Robin
   377 | D:2      | Reached skill level 5 in Spellcasting
   377 | D:2      | Reached XP level 3. HP: 25/25 MP: 4/9
   380 | D:2      | Killed Robin
   381 | D:2      | Reached skill level 1 in Invocations
   446 | D:2      | Learned a level 3 spell: Passwall
   481 | D:2      | Reached skill level 1 in Fighting
   481 | D:2      | Reached skill level 1 in Short Blades
   481 | D:2      | Reached skill level 1 in Long Blades
   481 | D:2      | Reached skill level 1 in Axes
   481 | D:2      | Reached skill level 1 in Maces & Flails
   481 | D:2      | Reached skill level 1 in Polearms
   481 | D:2      | Reached skill level 1 in Staves
   481 | D:2      | Reached skill level 1 in Ranged Weapons
   481 | D:2      | Reached skill level 1 in Throwing
   481 | D:2      | Reached skill level 1 in Armour
   481 | D:2      | Reached skill level 1 in Shields
   481 | D:2      | Reached skill level 1 in Unarmed Combat
   481 | D:2      | Reached skill level 1 in Evocations
   660 | D:3      | Found a broken altar of Ashenzari.
   666 | D:3      | Noticed an ice beast
   692 | D:3      | Noticed a bullfrog
   697 | D:3      | Reached skill level 1 in Shapeshifting
   697 | D:3      | Reached XP level 4. HP: 32/32 MP: 6/11
   852 | D:3      | Found Rolozxeu's Armour Shop.
   912 | D:3      | Reached skill level 1 in Hexes
   912 | D:3      | Reached skill level 1 in Summonings
   912 | D:3      | Reached skill level 1 in Necromancy
   912 | D:3      | Reached skill level 1 in Translocations
   912 | D:3      | Reached skill level 1 in Fire Magic
   912 | D:3      | Reached skill level 1 in Ice Magic
   912 | D:3      | Reached skill level 1 in Air Magic
   912 | D:3      | Reached skill level 1 in Alchemy
   934 | D:3      | Killed a bullfrog
   935 | D:3      | Reached XP level 5. HP: 37/37 MP: 9/12
   936 | D:3      | Found a basalt altar of Yredelemnul.
   939 | D:3      | Noticed Natasha
   942 | D:3      | Killed Natasha
   959 | D:3      | Found a sparkling altar of Nemelex Xobeh.
   961 | D:3      | Found a bloodstained altar of Trog.
   970 | D:3      | Found a shimmering altar of Xom.
   971 | D:3      | Found a burning altar of Makhleb.
  1034 | D:3      | Killed from afar by an orc priest

Illustrated notes

Levels and vault maps discovered:
D:1:      roderic_chinese_lattice_arrival, layout_loops_ring, serial_shops,
          shop, serial_forest, infiniplex_forest_clump_diagonal,
          infiniplex_forest_clump_medium, infiniplex_forest_clump_medium,
          infiniplex_forest_clump_small, infiniplex_forest_straight_4
D:2:      layout_loops_ring, ebering_ecumenical_altar_webs, uniq_robin
D:3:      layout_rooms, grunt_qazlal_clouds, minitemple,
          cheibrodos_ashenzari_chains, serial_shops, shop, uniq_natasha

Skill      XL: |  1  2  3  4 |
---------------+-------------+-----
Conjurations   | 2 |  2.5
Spellcasting   | 5 |  5.2
Invocations    | 1 |  1.9
Fighting       | 1 |  1.7
Short Blades   | 1 |  1.7
Long Blades    | 1 |  1.7
Axes           | 1 |  1.7
Maces & Flails | 1 |  1.7
Polearms       | 1 |  1.7
Staves         | 1 |  1.7
Ranged Weapons | 1 |  1.7
Throwing       | 1 |  1.7
Armour         | 1 |  1.7
Shields        | 1 |  1.7
Unarmed Combat | 1 |  1.7
Evocations     | 1 |  1.7
Shapeshifting  | 1 |  1.5
Hexes          | 1 |  1.3
Summonings     | 1 |  1.3
Necromancy     | 1 |  1.3
Translocations | 1 |  1.3
Fire Magic     | 1 |  1.3
Ice Magic      | 1 |  1.3
Air Magic      | 1 |  1.3
Alchemy        | 1 |  1.3
Dodging        | |  4.9
Stealth        | |  4.5
Earth Magic    | |  5.6

Action                     |  1- 3 |  4- 6 || total
---------------------------+-------+-------++-------
  Melee: Short sword       |     9 |       ||     9
         Rapier            |       |     1 ||     1
   Fire: Sling             |     5 |    18 ||    23
   Cast: Sandblast         |    40 |    24 ||    64
         Passwall          |     4 |     5 ||     9
   Stab: Sleeping          |       |     1 ||     1
 Armour: Robe              |     8 |    17 ||    25
  Dodge: Dodged            |    15 |     8 ||    23
